BR
FORT COLLINS COMMONERS @ SAN PABLO DE LAS SALINAS DOCTORS
09/18/2027
 
TOP OF THE 1ST
Fort Collins Commoners batting - Pitching for San Pablo de las Salinas Doctors : LHP Alonso Mendoza
Pitching: LHP Alonso Mendoza
Batting: RHB Tomás Rivera 0-0: Called Strike
0-1: Ball
1-1: Ball
2-1: Called Strike
2-2: Strikes out swinging
Batting: RHB Carlos García 0-0: Ball
1-0: Foul Ball, location: 2F
1-1: Ball
2-1: Fly out, F9 (Flyball, 9S)
Batting: RHB Juan Castillo 0-0: Called Strike
0-1: Ball
1-1: Foul Ball, location: 2F
1-2: Foul Ball, location: 2F
1-2: Foul Ball, location: 2F
1-2: Ball
2-2: Ball
3-2: Fly out, F3 (Popup, 34)
Top of the 1st over - 0 run(s), 0 hit(s), 0 error(s), 0 left on base; Fort Collins 0 - San Pablo de las Salinas 0
BOTTOM OF THE 1ST
San Pablo de las Salinas Doctors batting - Pitching for Fort Collins Commoners : RHP Elias Bednell
Pitching: RHP Elias Bednell
Batting: SHB Jorge Aguilar 0-0: Ball
1-0: Ground out U3 (Groundball, 3)
Batting: RHB Arthur Hopkins 0-0: Swinging Strike
0-1: Ball
1-1: Fly out, F8 (Flyball, 8RS)
Batting: RHB Arturo Franco 0-0: Foul Ball, location: 2F
0-1: Swinging Strike
0-2: Ball
1-2: Foul Ball, location: 2F
1-2: Foul Ball, location: 2F
1-2: Ground out 5-3 (Groundball, 56S)
Bottom of the 1st over - 0 run(s), 0 hit(s), 0 error(s), 0 left on base; Fort Collins 0 - San Pablo de las Salinas 0
TOP OF THE 2ND
Fort Collins Commoners batting - Pitching for San Pablo de las Salinas Doctors : LHP Alonso Mendoza
Batting: LHB Paul Lee 0-0: Ball
1-0: Swinging Strike
1-1: Ball
2-1: Swinging Strike
2-2: Ball
3-2: Fly out, F8 (Flyball, 8LM)
Batting: RHB Eric Black 0-0: Called Strike
0-1: Called Strike
0-2: Ball
1-2: Ball
2-2: Ground out U3 (Groundball, 34)
Batting: SHB Darren Ramsey 0-0: Ball
1-0: Foul Ball, location: 2F
1-1: Ball
2-1: Swinging Strike
2-2: Foul Ball, location: 2F
2-2: Foul Ball, location: 2F
2-2: Strikes out looking
Top of the 2nd over - 0 run(s), 0 hit(s), 0 error(s), 0 left on base; Fort Collins 0 - San Pablo de las Salinas 0
BOTTOM OF THE 2ND
San Pablo de las Salinas Doctors batting - Pitching for Fort Collins Commoners : RHP Elias Bednell
Batting: RHB Joel Hebert 0-0: Called Strike
0-1: Foul Ball, location: 2F
0-2: Ball
1-2: Ball
2-2: Ball
3-2: Fly out, F9 (Flyball, 9S)
Batting: RHB Mario Barker 0-0: Ball
1-0: Called Strike
1-1: Ball
2-1: Called Strike
2-2: SINGLE (Line Drive, 8RS)
Batting: RHB Júlio Núñez 0-0: Foul Ball, location: 2F
0-1: Ground out 5-3 (Groundball, 56S)
Mario Barker to second
Batting: RHB Luis López 0-0: Called Strike
0-1: Foul Ball, location: 2F
0-2: Ball
1-2: Ball
2-2: Strikes out swinging
Bottom of the 2nd over - 0 run(s), 1 hit(s), 0 error(s), 1 left on base; Fort Collins 0 - San Pablo de las Salinas 0
TOP OF THE 3RD
Fort Collins Commoners batting - Pitching for San Pablo de las Salinas Doctors : LHP Alonso Mendoza
Batting: RHB Xie-li Fong 0-0: Ball
1-0: Foul Ball, location: 2F
1-1: Called Strike
1-2: Ball
2-2: Foul Ball, location: 2F
2-2: Ball
3-2: Strikes out swinging
Batting: RHB Gary Roberts 0-0: Ball
1-0: Ball
2-0: Bunt missed!
2-1: Swinging Strike
2-2: Foul Ball, location: 2F
2-2: Strikes out swinging
Batting: RHB Tom McBride 0-0: Ball
1-0: Ball
2-0: Called Strike
2-1: Swinging Strike
2-2: Strikes out looking
Top of the 3rd over - 0 run(s), 0 hit(s), 0 error(s), 0 left on base; Fort Collins 0 - San Pablo de las Salinas 0
BOTTOM OF THE 3RD
San Pablo de las Salinas Doctors batting - Pitching for Fort Collins Commoners : RHP Elias Bednell
Batting: RHB Domingo Salinas 0-0: Called Strike
0-1: Called Strike
0-2: Ground out 6-3 (Groundball, 6)
Batting: RHB Jesús Pérez 0-0: Ball
1-0: Foul Ball, location: 2F
1-1: Swinging Strike
1-2: Strikes out swinging
Batting: SHB Jorge Aguilar 0-0: Ball
1-0: Ground out 6-3 (Groundball, 6M)
Bottom of the 3rd over - 0 run(s), 0 hit(s), 0 error(s), 0 left on base; Fort Collins 0 - San Pablo de las Salinas 0
TOP OF THE 4TH
Fort Collins Commoners batting - Pitching for San Pablo de las Salinas Doctors : LHP Alonso Mendoza
Batting: RHB Tomás Rivera 0-0: Called Strike
0-1: Foul Ball, location: 2F
0-2: Ball
1-2: Foul Ball, location: 2F
1-2: Ball
2-2: Foul Ball, location: 2F
2-2: Strikes out swinging
Batting: RHB Carlos García 0-0: SINGLE (Groundball, 5D)
Batting: RHB Juan Castillo 0-0: Called Strike
0-1: Fielders Choice at 2nd, 6-4 (Groundball, 6)
Batting: LHB Paul Lee 0-0: Called Strike
0-1: Ball
1-1: Ball
2-1: Called Strike
2-2: Foul Ball, location: 2F
2-2: Ball
3-2: Strikes out swinging
Top of the 4th over - 0 run(s), 1 hit(s), 0 error(s), 1 left on base; Fort Collins 0 - San Pablo de las Salinas 0
BOTTOM OF THE 4TH
San Pablo de las Salinas Doctors batting - Pitching for Fort Collins Commoners : RHP Elias Bednell
Batting: RHB Arthur Hopkins 0-0: Ball
1-0: Ball
2-0: SINGLE (Groundball, 6MD)
Batting: RHB Arturo Franco 0-0: SINGLE (Line Drive, 4D)
Arthur Hopkins to second
Runner from 2nd tries for 3rd, SAFE, no throw
Batting: RHB Joel Hebert 0-0: Called Strike
0-1: Ball
1-1: Called Strike
1-2: Ball
2-2: Ball
3-2: Base on Balls
Arturo Franco to second
Batting: RHB Mario Barker 0-0: Called Strike
0-1: Ball
1-1: Ball
2-1: Ball
3-1: Base on Balls
Arthur Hopkins scores
Arturo Franco to third
Joel Hebert to second
Batting: RHB Júlio Núñez 0-0: Called Strike
0-1: Foul Ball, location: 2F
0-2: Grounds into double play, 6-4-3 (Groundball, 6)
Arturo Franco scores
Joel Hebert to third
Batting: RHB Luis López 0-0: Swinging Strike
0-1: Fly out, F9 (Flyball, 89M)
Bottom of the 4th over - 2 run(s), 2 hit(s), 0 error(s), 1 left on base; Fort Collins 0 - San Pablo de las Salinas 2
TOP OF THE 5TH
Fort Collins Commoners batting - Pitching for San Pablo de las Salinas Doctors : LHP Alonso Mendoza
Batting: RHB Eric Black 0-0: Ball
1-0: Swinging Strike
1-1: Ball
2-1: Swinging Strike
2-2: Ball
3-2: Base on Balls
Batting: SHB Darren Ramsey 0-0: Called Strike
0-1: Ball
1-1: Ball
2-1: Ball
3-1: Called Strike
3-2: Grounds into double play, 6-4-3 (Groundball, 6)
Batting: RHB Xie-li Fong 0-0: Ball
1-0: Ball
2-0: Ball
3-0: Called Strike
3-1: Swinging Strike
3-2: Strikes out swinging, 2-3 out at first.
Top of the 5th over - 0 run(s), 0 hit(s), 0 error(s), 0 left on base; Fort Collins 0 - San Pablo de las Salinas 2
BOTTOM OF THE 5TH
San Pablo de las Salinas Doctors batting - Pitching for Fort Collins Commoners : RHP Elias Bednell
Batting: RHB Domingo Salinas 0-0: Swinging Strike
0-1: Ball
1-1: SINGLE (Groundball, 4D)
Batting: RHB Jesús Pérez 0-0: Called Strike
0-1: Fly out, F8 (Flyball, 8LM)
Batting: SHB Jorge Aguilar 0-0: Ball
1-0: Called Strike
1-1: Called Strike
1-2: Foul Ball, location: 2F
1-2: Ball
2-2: SINGLE (Line Drive, 9S)
Domingo Salinas to second
Batting: RHB Arthur Hopkins 0-0: Ball
1-0: Fly out, F8 (Flyball, 8RD)
Runner from 2nd tags up, SAFE at 3rd, no throw
Batting: RHB Arturo Franco 0-0: Ball
1-0: Foul Ball, location: 2F
1-1: Ball
2-1: Foul Ball, location: 2F
2-2: Foul Ball, location: 2F
2-2: Strikes out swinging
Bottom of the 5th over - 0 run(s), 2 hit(s), 0 error(s), 2 left on base; Fort Collins 0 - San Pablo de las Salinas 2
TOP OF THE 6TH
Fort Collins Commoners batting - Pitching for San Pablo de las Salinas Doctors : LHP Alonso Mendoza
Pitching: LHP Rodrigo Álvarez
Batting: RHB Gary Roberts 0-0: Ground out 5-3 (Groundball, 56S)
Batting: RHB Tom McBride 0-0: Foul Ball, location: 2F
0-1: Foul Ball, location: 2F
0-2: Ball
1-2: SINGLE (Line Drive, 6MD)
Batting: RHB Tomás Rivera 0-0: Called Strike
0-1: Ball
1-1: Foul Ball, location: 2F
1-2: Ball
2-2: Ball
3-2: Reached on error, E6 (Groundball, 6)
Tom McBride to second
Batting: RHB Carlos García 0-0: Ball
1-0: Called Strike
1-1: Ball
2-1: Foul Ball, location: 2F
2-2: Strikes out looking
Batting: RHB Juan Castillo 0-0: Ball
1-0: Called Strike
1-1: Called Strike
1-2: Foul Ball, location: 2F
1-2: Ball
2-2: Fly out, F8 (Flyball, 8RM)
Top of the 6th over - 0 run(s), 1 hit(s), 1 error(s), 2 left on base; Fort Collins 0 - San Pablo de las Salinas 2
BOTTOM OF THE 6TH
San Pablo de las Salinas Doctors batting - Pitching for Fort Collins Commoners : RHP Elias Bednell
Batting: RHB Joel Hebert 0-0: Ball
1-0: Foul Ball, location: 2F
1-1: Called Strike
1-2: Ball
2-2: Ground out 5-3 (Groundball, 5S)
Pitching: RHP Rich Wright
Batting: RHB Mario Barker 0-0: Ball
1-0: Ground out 3-1 (Groundball, 34S)
Batting: RHB Júlio Núñez 0-0: Called Strike
0-1: Called Strike
0-2: Foul Ball, location: 2F
0-2: Ball
1-2: Foul Ball, location: 2F
1-2: Foul Ball, location: 2F
1-2: Ball
2-2: Strikes out swinging
Bottom of the 6th over - 0 run(s), 0 hit(s), 0 error(s), 0 left on base; Fort Collins 0 - San Pablo de las Salinas 2
TOP OF THE 7TH
Fort Collins Commoners batting - Pitching for San Pablo de las Salinas Doctors : LHP Rodrigo Álvarez
Batting: LHB Paul Lee 0-0: Ground out U3 (Groundball, 3L)
Batting: RHB Eric Black 0-0: Ground out 5-3 (Groundball, 56)
Batting: SHB Darren Ramsey 0-0: Ball
1-0: Foul Ball, location: 2F
1-1: Foul Ball, location: 2F
1-2: Ball
2-2: Ball
3-2: Strikes out swinging
Top of the 7th over - 0 run(s), 0 hit(s), 0 error(s), 0 left on base; Fort Collins 0 - San Pablo de las Salinas 2
BOTTOM OF THE 7TH
San Pablo de las Salinas Doctors batting - Pitching for Fort Collins Commoners : RHP Rich Wright
Batting: RHB Luis López 0-0: Fly out, F7 (Flyball, 7)
Batting: RHB Domingo Salinas 0-0: Foul Ball, location: 2F
0-1: Fly out, F9 (Flyball, 9LSF)
Batting: RHB Jesús Pérez 0-0: SINGLE (Groundball, 6D)
Batting: SHB Jorge Aguilar 0-0: Ball
1-0: Foul Ball, location: 2F
1-1: Swinging Strike
1-2: Ball
2-2: SINGLE (Line Drive, 56D)
Jesús Pérez to second
Batting: RHB Arthur Hopkins 0-0: Called Strike
0-1: Ball
1-1: Ball
2-1: Ball
3-1: Base on Balls
Jesús Pérez to third
Jorge Aguilar to second
Pinch Hitting: LHB Jesús Rojas 0-0: Ball
1-0: Ground out U3 (Groundball, 34)
Bottom of the 7th over - 0 run(s), 2 hit(s), 0 error(s), 3 left on base; Fort Collins 0 - San Pablo de las Salinas 2
TOP OF THE 8TH
Fort Collins Commoners batting - Pitching for San Pablo de las Salinas Doctors : LHP Rodrigo Álvarez
Now at SS: Juan Ortega
Batting: RHB Xie-li Fong 0-0: SINGLE (Groundball, 4M) (infield hit)
Pitching: RHP Paul Turberville
Batting: RHB Gary Roberts 0-0: Called Strike
0-1: Ball
1-1: Foul Ball, location: 2F
1-2: Fly out, F9 (Flyball, 9LS)
Batting: RHB Tom McBride 0-0: Ball
1-0: SINGLE (Groundball, 6MD)
Xie-li Fong to second
Pinch Hitting: LHB António Chávez
Pitching: LHP Roy Burke 0-0: Ball
1-0: Swinging Strike
1-1: Foul Ball, location: 2F
1-2: Strikes out swinging
Pinch Hitting: RHB Julián Ramírez 0-0: Ball
1-0: Ball
2-0: Fly out, F9 (Flyball, 9S)
Top of the 8th over - 0 run(s), 2 hit(s), 0 error(s), 2 left on base; Fort Collins 0 - San Pablo de las Salinas 2
BOTTOM OF THE 8TH
San Pablo de las Salinas Doctors batting - Pitching for Fort Collins Commoners : RHP Rich Wright
Now at 1B: Julián Ramírez
Now at 2B: Javier Contreras
Batting: RHB Joel Hebert 0-0: Ball
1-0: Ball
2-0: SINGLE (Groundball, 6MD)
Batting: RHB Mario Barker 0-0: Foul Ball, location: 2F
0-1: Ball
1-1: Called Strike
1-2: Reached on error, E6 (Groundball, 6)
Joel Hebert to second
Pinch Hitting: LHB Stéphane Labat 0-0: Called Strike
0-1: Ball
1-1: Ball
2-1: Reached on error, E2 (Groundball, 2R)
Joel Hebert scores
Mario Barker to third
Batting: RHB Luis López 0-0: Intentional Walk
Pinch Hitting: LHB Julián Díaz 0-0: Called Strike
0-1: Grounds into fielders choice 5-2 (Groundball, 5)
Stéphane Labat to third
Luis López to second
Batting: RHB Jesús Pérez 0-0: Ball
1-0: Ball
2-0: Foul Ball, location: 2F
2-1: Swinging Strike
Passed Ball!
Stéphane Labat scores
Luis López to third
Julián Díaz to second
2-2: Foul Ball, location: 2F
2-2: Ball
3-2: Intentional Walk
Pitching: LHP John Smith
Batting: SHB Jorge Aguilar 0-0: Called Strike
0-1: Grounds into double play, 6-4-3 (Groundball, 6)
Bottom of the 8th over - 2 run(s), 1 hit(s), 2 error(s), 2 left on base; Fort Collins 0 - San Pablo de las Salinas 4
TOP OF THE 9TH
Fort Collins Commoners batting - Pitching for San Pablo de las Salinas Doctors : LHP Roy Burke
Pitching: RHP Rogerio Ibarra
Now at 1B: Julián Díaz
Now in CF: Stéphane Labat
Batting: RHB Juan Castillo 0-0: Called Strike
0-1: Swinging Strike
0-2: Ball
1-2: Foul Ball, location: 2F
1-2: Foul Ball, location: 2F
1-2: Foul Ball, location: 2F
1-2: SINGLE (Groundball, 34D)
Batting: LHB Paul Lee 0-0: Called Strike
0-1: SINGLE (Line Drive, 34D)
Juan Castillo to second
Batting: RHB Eric Black 0-0: Called Strike
0-1: Ball
1-1: Called Strike
1-2: Ball
2-2: Strikes out swinging
Batting: SHB Darren Ramsey 0-0: Called Strike
0-1: Ball
1-1: Foul Ball, location: 2F
1-2: Ground out 5-3 (Groundball, 56S)
Juan Castillo to third
Paul Lee to second
Batting: RHB Xie-li Fong 0-0: Ball
1-0: Foul Ball, location: 2F
1-1: Ball
2-1: Swinging Strike
2-2: Strikes out swinging
Top of the 9th over - 0 run(s), 2 hit(s), 0 error(s), 2 left on base; Fort Collins 0 - San Pablo de las Salinas 4
Thursday, March 30th, 2017 - OOTP Baseball 17.12 Build 75